PA
YELLOWKNIFE DRAGONBLOOD @ GRIM REAPERS
08/10/2024
 
TOP OF THE 1ST
Yellowknife Dragonblood batting - Pitching for Grim Reapers : RHP Jorge Rivera
Pitching: RHP Jorge Rivera
Batting: RHB Jason Compton 0-0: Ball
1-0: Called Strike
1-1: Foul Ball, location: 2F
1-2: Fly out, F9 (Flyball, 9S)
Batting: LHB António Boccanegra 0-0: Called Strike
0-1: Foul Ball, location: 2F
0-2: Ball
1-2: Strikes out looking
Batting: RHB Martín Alejadre 0-0: Ground out 4-3 (Groundball, 4)
Top of the 1st over - 0 run(s), 0 hit(s), 0 error(s), 0 left on base; Yellowknife 0 - Grim 0
BOTTOM OF THE 1ST
Grim Reapers batting - Pitching for Yellowknife Dragonblood : RHP Currito Melena
Pitching: RHP Currito Melena
Batting: RHB Sean Godron 0-0: Ball
1-0: Ball
2-0: Fly out, F3 (Popup, 3S)
Batting: RHB Alberto Rodríguez 0-0: Ball
1-0: Ground out 6-3 (Groundball, 6MS)
Batting: RHB Will Huggins 0-0: Ball
1-0: Called Strike
1-1: Swinging Strike
1-2: Strikes out swinging
Bottom of the 1st over - 0 run(s), 0 hit(s), 0 error(s), 0 left on base; Yellowknife 0 - Grim 0
TOP OF THE 2ND
Yellowknife Dragonblood batting - Pitching for Grim Reapers : RHP Jorge Rivera
Batting: RHB Andrés Escobar 0-0: Fly out, F9 (Flyball, 9M)
Batting: LHB Colin Worthington 0-0: Swinging Strike
0-1: Foul Ball, location: 2F
0-2: Ball
1-2: Strikes out swinging
Batting: RHB Arturo Sánchez 0-0: Called Strike
0-1: Ball
1-1: Ball
2-1: Foul Ball, location: 2F
2-2: Strikes out looking
Top of the 2nd over - 0 run(s), 0 hit(s), 0 error(s), 0 left on base; Yellowknife 0 - Grim 0
BOTTOM OF THE 2ND
Grim Reapers batting - Pitching for Yellowknife Dragonblood : RHP Currito Melena
Batting: RHB Miguel Canales 0-0: Ground out 6-3 (Groundball, 56)
Batting: RHB Raúl Moreno 0-0: Ground out 5-3 (Groundball, 5)
Batting: LHB Edgardo Díaz 0-0: Ball
1-0: Swinging Strike
1-1: Swinging Strike
1-2: Ball
2-2: Ball
3-2: Strikes out swinging
Bottom of the 2nd over - 0 run(s), 0 hit(s), 0 error(s), 0 left on base; Yellowknife 0 - Grim 0
TOP OF THE 3RD
Yellowknife Dragonblood batting - Pitching for Grim Reapers : RHP Jorge Rivera
Batting: RHB Ron Morton 0-0: Ball
1-0: Ball
2-0: Fly out, F9 (Flyball, 9M)
Batting: LHB Jon Baxter 0-0: Foul Ball, location: 2F
0-1: Ball
1-1: Ball
2-1: Ground out 1-3 (Groundball, 15)
Batting: RHB Flemming O'Neill 0-0: Ball
1-0: Ball
2-0: Swinging Strike
2-1: Ball
3-1: Base on Balls
Batting: RHB Jason Compton 0-0: Called Strike
0-1: Called Strike
0-2: Ball
1-2: Ball
2-2: SINGLE (Line Drive, 6MD)
Flemming O'Neill to second
Runner from 2nd tries for 3rd, SAFE, throw made to third
Jason Compton to second
Batting: LHB António Boccanegra 0-0: Ball
1-0: Ball
2-0: Called Strike
2-1: Ball
3-1: Foul Ball, location: 2F
3-2: SINGLE (Line Drive, 34D)
Flemming O'Neill scores
Jason Compton to third
Jason Compton scores
Batting: RHB Martín Alejadre 0-0: Ball
1-0: Called Strike
1-1: Foul Ball, location: 2F
1-2: Ball
2-2: Ball
3-2: Strikes out looking
Top of the 3rd over - 2 run(s), 2 hit(s), 0 error(s), 1 left on base; Yellowknife 2 - Grim 0
BOTTOM OF THE 3RD
Grim Reapers batting - Pitching for Yellowknife Dragonblood : RHP Currito Melena
Batting: RHB Willis Kirkendall 0-0: Foul Ball, location: 2F
0-1: Ball
1-1: Foul Ball, location: 2F
1-2: Strikes out swinging
Batting: RHB Santo Alba 0-0: Called Strike
0-1: Swinging Strike
0-2: SINGLE (Groundball, 2L) (infield hit)
Batting: LHB Jesús Morales 0-0: Ball
Santo Alba is caught stealing 2nd base
1-0: Swinging Strike
1-1: Ball
2-1: Fly out, F3 (Popup, 34S)
Bottom of the 3rd over - 0 run(s), 1 hit(s), 0 error(s), 0 left on base; Yellowknife 2 - Grim 0
TOP OF THE 4TH
Yellowknife Dragonblood batting - Pitching for Grim Reapers : RHP Jorge Rivera
Batting: RHB Andrés Escobar 0-0: Ball
1-0: Ball
2-0: Foul Ball, location: 2F
2-1: Called Strike
2-2: Strikes out swinging
Batting: LHB Colin Worthington 0-0: Swinging Strike
0-1: Ball
1-1: Foul Ball, location: 2F
1-2: Strikes out swinging
Batting: RHB Arturo Sánchez 0-0: Ball
1-0: Fly out, F9 (Flyball, 89S)
Top of the 4th over - 0 run(s), 0 hit(s), 0 error(s), 0 left on base; Yellowknife 2 - Grim 0
BOTTOM OF THE 4TH
Grim Reapers batting - Pitching for Yellowknife Dragonblood : RHP Currito Melena
Batting: RHB Sean Godron 0-0: Ball
1-0: Foul Ball, location: 2F
1-1: Called Strike
1-2: Foul Ball, location: 2F
1-2: Strikes out swinging
Batting: RHB Alberto Rodríguez 0-0: Ball
1-0: Foul Ball, location: 2F
1-1: Fly out, F8 (Flyball, 8LS)
Batting: RHB Will Huggins 0-0: Ball
1-0: SINGLE (Groundball, 6M)
Batting: RHB Miguel Canales 0-0: Ball
1-0: SINGLE (Line Drive, 7S)
Will Huggins to second
Batting: RHB Raúl Moreno 0-0: Ball
1-0: Foul Ball, location: 2F
1-1: Ball
Wild Pitch!
Will Huggins to third
Miguel Canales to second
2-1: SINGLE (Line Drive, 7LS)
Will Huggins scores
Miguel Canales to third
Runner from 3rd tries for Home, SAFE, no throw or cutoff
Batting: LHB Edgardo Díaz 0-0: Called Strike
0-1: Ball
1-1: Ball
2-1: Swinging Strike
2-2: Foul Ball, location: 2F
2-2: Ground out 1-3 (Groundball, 13)
Bottom of the 4th over - 2 run(s), 3 hit(s), 0 error(s), 1 left on base; Yellowknife 2 - Grim 2
TOP OF THE 5TH
Yellowknife Dragonblood batting - Pitching for Grim Reapers : RHP Jorge Rivera
Batting: RHB Ron Morton 0-0: Ground out U3 (Groundball, 3S)
Batting: LHB Jon Baxter 0-0: Ball
1-0: Ball
2-0: Called Strike
2-1: Fly out, F8 (Flyball, 8LM)
Batting: RHB Flemming O'Neill 0-0: Foul Ball, location: 2F
0-1: Swinging Strike
0-2: Ball
1-2: Ball
2-2: Fly out, F8 (Flyball, 8LXD)
Top of the 5th over - 0 run(s), 0 hit(s), 0 error(s), 0 left on base; Yellowknife 2 - Grim 2
BOTTOM OF THE 5TH
Grim Reapers batting - Pitching for Yellowknife Dragonblood : RHP Currito Melena
Batting: RHB Willis Kirkendall 0-0: Ball
1-0: Ball
2-0: Foul Ball, location: 2F
2-1: Foul Ball, location: 2F
2-2: Ball
3-2: Ground out 5-3 (Groundball, 56S)
Batting: RHB Santo Alba 0-0: Swinging Strike
0-1: Ball
1-1: Ball
2-1: Called Strike
2-2: Foul Ball, location: 2F
2-2: Fly out, F9 (Flyball, 89S)
Batting: LHB Jesús Morales 0-0: Called Strike
0-1: Ball
1-1: Swinging Strike
1-2: Foul Ball, location: 2F
1-2: Foul Ball, location: 2F
1-2: Strikes out swinging
Bottom of the 5th over - 0 run(s), 0 hit(s), 0 error(s), 0 left on base; Yellowknife 2 - Grim 2
TOP OF THE 6TH
Yellowknife Dragonblood batting - Pitching for Grim Reapers : RHP Jorge Rivera
Batting: RHB Jason Compton 0-0: Ball
1-0: Foul Ball, location: 2F
1-1: Ball
2-1: Fly out, F8 (Flyball, 8LM)
Batting: LHB António Boccanegra 0-0: Ball
1-0: Ball
2-0: Called Strike
2-1: DOUBLE (Line Drive, 89M)
Batting: RHB Martín Alejadre 0-0: Ball
1-0: Fly out, F8 (Flyball, 8LS)
Batting: RHB Andrés Escobar 0-0: Foul Ball, location: 2F
0-1: Ball
1-1: Foul Ball, location: 2F
1-2: SINGLE (Line Drive, 34D)
António Boccanegra to third
Batting: LHB Colin Worthington 0-0: Fly out, F8 (Flyball, 8RM)
Top of the 6th over - 0 run(s), 2 hit(s), 0 error(s), 2 left on base; Yellowknife 2 - Grim 2
BOTTOM OF THE 6TH
Grim Reapers batting - Pitching for Yellowknife Dragonblood : RHP Currito Melena
Batting: RHB Sean Godron 0-0: Foul Ball, location: 2F
0-1: Foul Ball, location: 2F
0-2: Foul Ball, location: 2F
0-2: Ball
1-2: Foul Ball, location: 2F
1-2: SINGLE (Groundball, 6D)
Batting: RHB Alberto Rodríguez 0-0: Sac Bunt - play at first, batter OUT! 1-4
Sean Godron to second
Batting: RHB Will Huggins 0-0: Foul Ball, location: 2F
0-1: Ground out 4-3 (Groundball, 4M)
Sean Godron to third
Batting: RHB Miguel Canales 0-0: Ball
1-0: SINGLE (Line Drive, 56)
Sean Godron scores
Batting: RHB Raúl Moreno 0-0: Called Strike
0-1: Called Strike
0-2: Strikes out swinging
Bottom of the 6th over - 1 run(s), 2 hit(s), 0 error(s), 1 left on base; Yellowknife 2 - Grim 3
TOP OF THE 7TH
Yellowknife Dragonblood batting - Pitching for Grim Reapers : RHP Jorge Rivera
Batting: RHB Arturo Sánchez 0-0: Ball
1-0: Fly out, F4 (Popup, 3DF)
Batting: RHB Ron Morton 0-0: SINGLE (Line Drive, 6MD)
Batting: LHB Jon Baxter 0-0: Ball
1-0: Called Strike
1-1: Ball
2-1: Ball
3-1: Swinging Strike
3-2: Strikes out swinging
Ron Morton is caught stealing 2nd base
Batter strikes out.
Top of the 7th over - 0 run(s), 1 hit(s), 0 error(s), 0 left on base; Yellowknife 2 - Grim 3
BOTTOM OF THE 7TH
Grim Reapers batting - Pitching for Yellowknife Dragonblood : RHP Currito Melena
Pitching: LHP Corbin Jameson
Batting: LHB Edgardo Díaz 0-0: Called Strike
0-1: Swinging Strike
0-2: Ball
1-2: Ball
2-2: Ground out 4-3 (Groundball, 4)
Batting: RHB Willis Kirkendall 0-0: Called Strike
0-1: Ball
1-1: Fly out, F4 (Line Drive, 4M)
Batting: RHB Santo Alba 0-0: Ball
1-0: Swinging Strike
1-1: Foul Ball, location: 2F
1-2: Ball
2-2: Strikes out swinging
Bottom of the 7th over - 0 run(s), 0 hit(s), 0 error(s), 0 left on base; Yellowknife 2 - Grim 3
TOP OF THE 8TH
Yellowknife Dragonblood batting - Pitching for Grim Reapers : RHP Jorge Rivera
Now in LF: Anthony Hopkins
Batting: RHB Flemming O'Neill 0-0: Ball
1-0: Called Strike
1-1: Ball
2-1: Ground out 4-3 (Groundball, 4M)
Batting: RHB Jason Compton 0-0: Ball
1-0: Foul Ball, location: 2F
1-1: Foul Ball, location: 2F
1-2: Strikes out swinging
Batting: LHB António Boccanegra 0-0: Fly out, F4 (Line Drive, 4)
Top of the 8th over - 0 run(s), 0 hit(s), 0 error(s), 0 left on base; Yellowknife 2 - Grim 3
BOTTOM OF THE 8TH
Grim Reapers batting - Pitching for Yellowknife Dragonblood : LHP Corbin Jameson
Batting: LHB Jesús Morales 0-0: Called Strike
0-1: Ball
1-1: Foul Ball, location: 2F
1-2: Ball
2-2: Ball
3-2: Strikes out swinging
Batting: RHB Sean Godron 0-0: Swinging Strike
0-1: Ball
1-1: Swinging Strike
1-2: Ball
2-2: SINGLE (Groundball, 4MD)
Batting: RHB Alberto Rodríguez 0-0: Ball
1-0: SINGLE (Groundball, 4MD)
Sean Godron to second
Runner from 2nd tries for 3rd, SAFE, throw made to third
Pinch Hitting: RHB Jules Winnfield 0-0: Called Strike
Alberto Rodríguez steals 2nd base
0-1: Ball
1-1: SINGLE (Line Drive, 8RS)
Sean Godron scores
Alberto Rodríguez to third
Batting: RHB Miguel Canales 0-0: Ball
1-0: Foul Ball, location: 2F
1-1: SINGLE (Groundball, 15S) (infield hit)
Jules Winnfield to second
Batting: RHB Raúl Moreno 0-0: Called Strike
0-1: Ball
1-1: Ball
2-1: Fly out, F9 (Flyball, 9LM)
Runner from 3rd tags up, SCORES, no throw
Pitching: LHP Emílio Peralta
Batting: LHB Edgardo Díaz 0-0: Ground out 6-3 (Groundball, 6)
Bottom of the 8th over - 2 run(s), 4 hit(s), 0 error(s), 2 left on base; Yellowknife 2 - Grim 5
TOP OF THE 9TH
Yellowknife Dragonblood batting - Pitching for Grim Reapers : RHP Jorge Rivera
Pitching: RHP Luis Hernández
Now at SS: Jules Winnfield
Batting: RHB Martín Alejadre 0-0: Ground out 4-3 (Groundball, 4)
Batting: RHB Andrés Escobar 0-0: Ball
1-0: Called Strike
1-1: Ball
2-1: Called Strike
2-2: Foul Ball, location: 2F
2-2: Foul Ball, location: 2F
2-2: Strikes out looking
Batting: LHB Colin Worthington 0-0: Called Strike
0-1: Called Strike
0-2: Strikes out swinging
Top of the 9th over - 0 run(s), 0 hit(s), 0 error(s), 0 left on base; Yellowknife 2 - Grim 5
This league is powered by Out of the Park Baseball, the baseball management simulation game for PC, Mac and Linux
Monday, October 3rd, 2016 - OOTP Baseball 16.9 Build 39